 Dungeon Crawl Stone Soup version 0.31-a0-240-gb923e448b6 (webtiles) character file.

Game seed: 7219744473544287448

5066 qw the Skirmisher (level 10, 0/91 HPs)
             Began as a Minotaur Hexslinger on July 11, 2023.
             Slain by a vampire
             ... wielding a +0 hand axe
              (10 damage)
             ... on level 8 of the Dungeon.
             The game lasted 00:02:11 (6068 turns).

qw the Skirmisher (Minotaur Hexslinger)             Turns: 6068, Time: 00:02:12

Health: 0/91       AC: 12    Str: 13    XL:     10   Next: 31%
Magic:  10/10      EV: 16    Int: 10    God:
Gold:   224        SH:  0    Dex: 22    Spells: 10/11 levels left

rFire   + . .        Y - +3 longbow
rCold   . . .        (shield currently unavailable)
rNeg    . . .        l - +1 leather armour {rF+}
rPois   .            (helmet restricted)
rElec   .            (no cloak)
rCorr   .            i - +2 pair of gloves of the Ageless Nights {Regen+ Dex+5}
SInv    .            m - +0 pair of boots
Will    .....        (no amulet)
Stlth   ++           b - +4 ring of protection
HPRegen 1.15/turn    (no ring)
MPRegen 0.12/turn

%: no passive effects
@: no status effects
A: horns 2, retaliatory headbutt
a: no special abilities


You were on level 8 of the Dungeon.
You visited 2 branches of the dungeon, and saw 9 of its levels.

You collected 422 gold pieces.
You spent 198 gold pieces at shops.


Innate Abilities, Weirdness & Mutations

You have a pair of horns on your head.
You reflexively headbutt those who attack you in melee.


   Skills:
 - Level 9.4 Fighting
 - Level 13.0 Ranged Weapons
 - Level 2.0 Armour
 + Level 6.4 Dodging
 - Level 1.0 Spellcasting
 - Level 2.0 Hexes


You had 10 spell levels left.
You knew the following spells:

 Your Spells              Type           Power      Damage    Failure   Level
a - Slow                  Hex            16%        N/A       19%         1

Your spell library contained the following spells:

 Spells                   Type           Power      Damage    Failure   Level
 Inner Flame              Hex/Fire       2%         N/A       65%         3
 Portal Projectile        Hex/Tloc       4%         N/A       65%         3
 Cause Fear               Hex            2%         N/A       88%         4

Inventory:

Hand Weapons
 Y - a +3 longbow (weapon)
Armour
 d - the +4 robe of Folly {Brill Will-∞ Int+8}
   (You found it on level 3 of the Dungeon)

   Brill:     It increases the power of your magical spells and halves their MP
   cost (rounding up).
   Will-∞: It reduces your willpower to zero.
   Int:       It affects your intelligence (+8).
 i - the +2 pair of gloves of the Ageless Nights (worn) {Regen+ Dex+5}
   (You acquired it on level 2 of the Dungeon)

   Dex:       It affects your dexterity (+5).
   Regen:     It increases your rate of health regeneration.
 l - a +1 leather armour of fire resistance (worn)
 m - a +0 pair of boots (worn)
 n - a +0 cloak
 q - a +1 leather armour of cold resistance
Jewellery
 b - a +4 ring of protection (left hand)
Wands
 f - a wand of digging (6)
Scrolls
 p - a scroll of identify
 s - a scroll of torment {unknown}
Potions
 a - 2 potions of mutation {unknown}
 c - a potion of heal wounds {unknown}
 e - 2 potions of haste
 g - 3 potions of curing
 h - a potion of ambrosia {unknown}
 j - a potion of cancellation
 k - a potion of resistance {unknown}
 o - a potion of enlightenment {unknown}
 r - 2 potions of degeneration {unknown}

Dungeon Overview and Level Annotations

Branches:
Dungeon (8/15)             Temple (1/1) D:4
   Lair: D:8-11

Altars:
Ashenzari
Dithmenos
Elyvilon
Fedhas
Gozag
Makhleb
Qazlal
Ru
Sif Muna
Trog
Uskayaw
Vehumet
Xom
Yredelemnul
Zin
The Shining One

Shops:
D:5 (   D:7 (   D:8 *

Portals:
Bailey: D:8

Annotations:
D:3 3 runed translucent doors, qw's ghost, amateur MiHs
D:5 3 runed translucent doors, qw's ghost, novice MiHs


Message History

You shoot an arrow.
You hear some strange, mumbled words.
You are confused.
You shoot an arrow. Something hits you! Something bites you.
Something draws strength from your injuries!
You shoot an arrow. Something hits you. Something bites you but does no damage.
Something hits you but does no damage. Something bites you but does no damage.
You shoot an arrow. Something hits you. Something completely misses you.
You shoot an arrow. Something hits you! Something bites you!
Something draws strength from your injuries!
You shoot an arrow.
You feel less confused. Something hits you. Something bites you.
Something draws strength from your injuries!
You shoot an arrow. Something hits you but does no damage.
Something bites you but does no damage.
You shoot an arrow. Something hits you! Something bites you.
Something draws strength from your injuries!
You shoot an arrow. Something completely misses you.
Something bites you but does no damage.
You shoot an arrow. Something hits you but does no damage. Something bites you.
Something draws strength from your injuries!
You shoot an arrow.
You hear the loud creaking of a portcullis nearby.
Something hits you but does no damage. Something bites you but does no damage.
You shoot an arrow. Something hits you! Something bites you.
Something draws strength from your injuries!
You shoot an arrow. Something hits you! Something barely misses you.
Something closely misses you. Something barely misses you.
You shoot an arrow. Something hits you!
You die...

..........## .............#
...)..........#
...............#
...............###
.................
..............#.#
..........{@%.#.#
......%.....%%...#####
..............#.##...##
.....#...##....#.....## ...
... #)#...#..#.......# ....
#.##.###............#
..)...##..#.##....#........#
.)\)...........)..###.....##
.......##.......#.##.......#


There were no monsters in sight!

Vanquished Creatures
  Joseph (D:8)
  Maurice (D:8)
  Maggie (D:8)
  Prince Ribbit (D:7)
  2 wyverns (D:8)
  6 yaks (D:8)
  Grum (D:8)
  An orc warrior (D:7)
  An ice beast (D:6)
  3 ogres
  4 wolves (D:8)
  2 centaurs (D:8)
  A phantom (D:7)
  A kobold brigand (D:6)
  2 bullfrogs
  A gnoll sergeant (D:5)
  9 wights
  3 killer bees (D:7)
  2 jellies
  4 hounds
  3 orc priests
  4 iguanas
  A sleepcap (D:6)
  Ijyb (D:4)
  6 orc wizards
  An adder (D:2)
  8 gnolls
  3 shadow imps
  3 worms
  2 dart slugs (D:1)
  29 orcs
  4 endoplasms
  8 goblins
  7 hobgoblins
  8 jackals
  12 kobolds
  3 quokkas
  5 ball pythons
  3 bats
  3 frilled lizards
  6 rats
  A butterfly (D:4)
168 creatures vanquished.

Notes
Turn   | Place    | Note
-------+----------+-------------------------------------------
     0 | D:1      | qw the Minotaur Hexslinger began the quest for the Orb.
     0 | D:1      | Reached XP level 1. HP: 16/16 MP: 1/1
     0 | D:1      | 0 ||| qw: Version: 0.3-a-52-g30416fa
     0 | D:1      | 0 ||| qw: Game counter: 5977
     0 | D:1      | 0 ||| qw: Melee chars always use a shield: true
     0 | D:1      | 0 ||| qw: God list: Okawaru
     0 | D:1      | 0 ||| qw: Allow faded altars: false
     0 | D:1      | 0 ||| qw: Do Orc after clearing Dungeon:15 true
     0 | D:1      | 0 ||| qw: Do second Lair branch before Depths: true
     0 | D:1      | 0 ||| qw: Lair rune preference: random
     0 | D:1      | 0 ||| qw: Goals: Normal
     0 | D:1      | 0 ||| PLANNING D:1-11
    31 | D:1      | Reached skill level 3 in Ranged Weapons
    42 | D:1      | Reached XP level 2. HP: 23/23 MP: 2/2
   396 | D:1      | 396 ||| FLEEEEING.
   464 | D:1      | Reached XP level 3. HP: 29/29 MP: 3/3
   516 | D:1      | 516 ||| READING scroll labelled PENKYU SACEC.
   517 | D:1      | 517 ||| READING scroll labelled VIRUIN OBIES.
   517 | D:1      | Identified a scroll of acquirement
   517 | D:1      | 517 ||| ACQUIRING +3 arbalest of Tension {heavy, rF+ rC+
                  | Str+2 Dex-4}
   517 | D:1      | Acquired the +3 arbalest of Tension {heavy, rF+ rC+ Str+2
                  | Dex-4}
   519 | D:1      | 519 ||| SWAPPING to +3 arbalest of Tension {heavy, rF+ rC+
                  | Str+2 Dex-4}.
   520 | D:1      | 520 ||| DROPPING +1 sling.
   521 | D:1      | 521 ||| READING scroll labelled CIRGHA XEPUSK.
   522 | D:1      | 522 ||| DRINKING 2 bubbling purple potions.
   523 | D:1      | 523 ||| DROPPING scroll of poison.
   717 | D:2      | Reached skill level 4 in Ranged Weapons
   893 | D:2      | HP: 7/29 [gnoll/+0 club (5)]
   894 | D:2      | Reached XP level 4. HP: 9/36 MP: 4/4
  1033 | D:2      | 1033 ||| READING scroll of acquirement.
  1033 | D:2      | 1033 ||| ACQUIRING +2 pair of gloves of the Ageless Nights
                  | {Regen+ Dex+5}
  1033 | D:2      | Acquired the +2 pair of gloves of the Ageless Nights
                  | {Regen+ Dex+5}
  1035 | D:2      | 1035 ||| UPGRADING to +2 pair of gloves of the Ageless
                  | Nights {Regen+ Dex+5}.
  1170 | D:2      | 1170 ||| UPGRADING to +0 ring mail.
  1180 | D:2      | 1180 ||| DROPPING +0 robe.
  1425 | D:2      | 1425 ||| READING scroll labelled JEOJAN FOID.
  1426 | D:2      | 1426 ||| DRINKING 2 fizzy dark potions.
  1427 | D:2      | 1427 ||| DROPPING potion of brilliance.
  1628 | D:3      | Found the +4 robe of Folly {Brill Will-∞ Int+8}
  1664 | D:3      | Found a runed translucent gate.
  1664 | D:3      | Found a runed translucent gate.
  1664 | D:3      | Found a runed translucent gate.
  1664 | D:3      | Noticed qw's ghost (amateur MiHs)
  2043 | D:3      | Reached skill level 1 in Armour
  2373 | D:3      | Found a faded altar of an unknown god.
  2489 | D:3      | 2489 ||| UPGRADING to +4 robe of Folly {Brill Will-∞
                  | Int+8}.
  2499 | D:3      | 2499 ||| DROPPING +0 ring mail.
  2500 | D:3      | 2500 ||| READING scroll labelled PAROXYN VYET.
  2501 | D:3      | 2501 ||| READING 2 scrolls labelled LOM CATSEESE.
  2502 | D:3      | 2502 ||| READING scroll labelled AQUPNO QUF XIMIMP.
  2503 | D:3      | 2503 ||| DRINKING 2 red potions.
  2547 | D:4      | Noticed an ogre
  2550 | D:4      | Killed an ogre
  2551 | D:4      | Reached skill level 5 in Ranged Weapons
  2551 | D:4      | Reached XP level 5. HP: 26/41 MP: 5/5
  2569 | D:4      | Found a staircase to the Ecumenical Temple.
  2570 | D:4      | 2570 ||| PLANNING TEMPLE
  2578 | Temple   | Entered the Ecumenical Temple
  2692 | Temple   | 2692 ||| PLANNING D:1-11
  2781 | D:4      | Noticed Ijyb
  2786 | D:4      | Reached skill level 3 in Fighting
  2790 | D:4      | Killed Ijyb
  2791 | D:4      | Reached skill level 6 in Ranged Weapons
  2830 | D:4      | Reached XP level 6. HP: 51/51 MP: 6/6
  3322 | D:4      | 3322 ||| READING scroll labelled IQIBITS BIFROBB.
  3323 | D:4      | 3323 ||| READING scroll labelled MEMAN CULIVONU.
  3324 | D:4      | 3324 ||| DRINKING 2 puce potions.
  3325 | D:4      | 3325 ||| DRINKING 2 glowing amethyst potions.
  3326 | D:4      | 3326 ||| DROPPING potion of attraction.
  3357 | D:5      | Entered Level 5 of the Dungeon
  3394 | D:5      | 3394 ||| Stepping ~*~*~tactically~*~*~ (outnumbered).
  3397 | D:5      | 3397 ||| Stepping ~*~*~tactically~*~*~ (outnumbered).
  3408 | D:5      | Reached skill level 7 in Ranged Weapons
  3428 | D:5      | Reached skill level 3 in Dodging
  3428 | D:5      | Reached XP level 7. HP: 55/59 MP: 7/7
  3453 | D:5      | Found a shimmering blue altar of Sif Muna.
  3482 | D:5      | Found a burning altar of Makhleb.
  3619 | D:5      | Found a runed translucent gate.
  3619 | D:5      | Found a runed translucent gate.
  3624 | D:5      | Found a runed translucent gate.
  3624 | D:5      | Noticed qw's ghost (novice MiHs)
  3699 | D:5      | Reached skill level 8 in Ranged Weapons
  3735 | D:5      | Found Xasaotea's Antique Weapon Emporium.
  3743 | D:5      | 3743 ||| BUYING longbow (156 gold).
  3743 | D:5      | Bought a longbow for 156 gold pieces
  3743 | D:5      | 3743 ||| SWAPPING to +0 longbow.
  3744 | D:5      | 3744 ||| READING 2 scrolls of enchant weapon.
  3744 | D:5      | 3744 ||| ENCHANTING +0 longbow.
  3745 | D:5      | 3745 ||| READING scroll of enchant weapon.
  3745 | D:5      | 3745 ||| ENCHANTING +1 longbow.
  4026 | D:5      | 4026 ||| UPGRADING to +1 leather armour of fire resistance.
  4036 | D:5      | 4036 ||| UPGRADING to +4 ring of protection.
  4037 | D:5      | 4037 ||| READING scroll labelled JOPLYU BUN SEO.
  4231 | D:6      | Reached XP level 8. HP: 63/68 MP: 8/8
  4338 | D:6      | Reached skill level 9 in Ranged Weapons
  4728 | D:6      | 4728 ||| READING scroll of enchant weapon.
  4728 | D:6      | 4728 ||| ENCHANTING +2 longbow.
  4729 | D:6      | 4729 ||| DROPPING +3 arbalest of Tension {heavy, rF+ rC+
                  | Str+2 Dex-4}.
  4794 | D:6      | 4794 ||| UPGRADING to +0 pair of boots.
  4799 | D:6      | 4799 ||| READING scroll labelled RANTOIDAUD.
  4856 | D:7      | Noticed Prince Ribbit
  4859 | D:7      | Killed Prince Ribbit
  4986 | D:7      | Found Hued's Antique Weapon Emporium.
  5045 | D:7      | Reached skill level 10 in Ranged Weapons
  5441 | D:8      | Noticed Joseph
  5442 | D:8      | 5442 ||| STAIRDANCE
  5452 | D:7      | Reached XP level 9. HP: 26/79 MP: 9/9
  5452 | D:7      | HP: 14/79 [killer bee (8)]
  5453 | D:7      | 5453 ||| READING 3 scrolls of teleportation.
  5454 | D:7      | HP: 6/79 [poisoned by a killer bee]
  5459 | D:7      | HP: 6/79 [poisoned by a killer bee]
  5549 | D:8      | Noticed Maggie
  5565 | D:8      | HP: 7/79 [Maggie/+1 scimitar of distortion (15)]
  5565 | D:8      | HP: 2/79 [Maggie/bolt of fire (5)]
  5566 | D:8      | 5566 ||| READING 2 scrolls of teleportation.
  5567 | D:8      | Killed Maggie
  5568 | D:8      | Reached skill level 11 in Ranged Weapons
  5771 | D:8      | Reached skill level 6 in Dodging
  5777 | D:8      | Killed Joseph
  5778 | D:8      | 5778 ||| FLEEEEING.
  5779 | D:8      | 5779 ||| FLEEEEING.
  5780 | D:8      | 5780 ||| FLEEEEING.
  5781 | D:8      | 5781 ||| FLEEEEING.
  5783 | D:8      | 5783 ||| STAIRDANCE
  5801 | D:8      | Reached skill level 12 in Ranged Weapons
  5837 | D:8      | Noticed Grum
  5838 | D:8      | 5838 ||| Stepping ~*~*~tactically~*~*~ (outnumbered).
  5863 | D:8      | Found Rasezicw's General Store.
  5873 | D:8      | 5873 ||| BUYING potion of curing (42 gold).
  5873 | D:8      | Bought a potion of curing for 42 gold pieces
  5899 | D:8      | Reached XP level 10. HP: 78/88 MP: 10/10
  5899 | D:8      | Noticed Maurice
  5914 | D:8      | Reached skill level 13 in Ranged Weapons
  5920 | D:8      | HP: 9/90 [Grum/-2 glaive (19)]
  5921 | D:8      | 5921 ||| READING scroll of teleportation.
  5921 | D:8      | HP: 2/90 [Grum/-2 glaive (8)]
  6018 | D:8      | Found a flagged portal.
  6031 | D:8      | Killed Maurice
  6032 | D:8      | Reached skill level 9 in Fighting
  6034 | D:8      | Killed Grum
  6066 | D:8      | HP: 20/91 [something (4)]
  6067 | D:8      | HP: 9/91 [something (12)]
  6068 | D:8      | Slain by a vampire

Levels and vault maps discovered:
D:1:      eino_arrival_water_star, layout_basic
D:2:      layout_basic
D:3:      layout_basic, hellmonk_ecumenical_altar_inner_sanctum,
          gammafunk_ghost_split, nicolae_elevator_lobby_asterisk
D:4:      layout_loops_ring, minmay_temple_entry_butterflies,
          grunt_ministairs_2, uniq_ijyb
D:5:      layout_basic, mainiacjoe_overflow_catch_the_wave,
          ebering_ghost_rock_garden, nicolae_stop_n_shop_1, grunt_decor_clamped,
          minmay_misc_feat_alley
D:6:      layout_loops_ring
D:7:      layout_loops_cross, kennysheep_small_square, uniq_prince_ribbit1
D:8:      layout_rooms, kennysheep_little_box, serial_shops, shop,
          enter_bailey_2, uniq_maggie, uniq_grum, uniq_joseph, uniq_maurice
Temple:   nicolae_temple_superstar

Skill      XL: |  1  2  3  4  5  6  7  8  9 10 |
---------------+-------------------------------+-----
Ranged Weapons | 3 4 5 6 7 8 10 12 13 | 13.0
Fighting       | 2 3 4 5 7 8 9 |  9.4
Armour         | 1 2 |  2.0
Dodging        | 3 5 6 |  6.4
Spellcasting   | |  1.0
Hexes          | |  2.0

Action                     |  1- 3 |  4- 6 |  7- 9 | 10-12 || total
---------------------------+-------+-------+-------+-------++-------
   Fire: Sling             |    57 |       |       |       ||    57
         Arbalest          |    27 |    78 |    15 |       ||   120
         Longbow           |       |       |   197 |    54 ||   251
    Use: Scroll            |     3 |     7 |     7 |     1 ||    18
         Potion            |     1 |     4 |       |       ||     5
 Armour: Robe              |    11 |    28 |     2 |       ||    41
         Leather armour    |       |       |    45 |    15 ||    60
  Dodge: Dodged            |    38 |    47 |   121 |    36 ||   242

Table legend:
 A = Non-vault XP
 B = Vault XP
 C = Vault XP percentage of total XP
 D = Non-vault monster count
 E = Vault monster count
 F = Vault count percentage of total count
                 A         B        C        D         E       F
            +---------+---------+-------+---------+---------+-------
      Total |    4707 |    2531 |  35.0 |     152 |      15 |   9.0
            +---------+---------+-------+---------+---------+-------
        D:1 |      44 |       0 |   0.0 |      23 |       0 |   0.0
        D:2 |      77 |       0 |   0.0 |      16 |       0 |   0.0
        D:3 |      23 |       0 |   0.0 |      12 |       0 |   0.0
        D:4 |     312 |      41 |  11.6 |      16 |       3 |  15.8
        D:5 |     778 |       0 |   0.0 |      25 |       0 |   0.0
        D:6 |     623 |       0 |   0.0 |      23 |       0 |   0.0
        D:7 |     443 |     480 |  52.0 |      14 |       4 |  22.2
        D:8 |    2407 |    2010 |  45.5 |      23 |       8 |  25.8
            +---------+---------+-------+---------+---------+-------
